PL
HOUSTON 1837 BBC @ ATHLETIC CLUB KC
09/28/2023
 
TOP OF THE 1ST
Houston 1837 BBC batting - Pitching for Athletic Club KC : RHP Juan Torres
Pitching: RHP Juan Torres
Batting: LHB Jack Robbins 0-0: Ball
1-0: Foul Ball, location: 2F
1-1: Ball
2-1: Foul Ball, location: 2F
2-2: Ball
3-2: DOUBLE (Flyball, 9D)
Batting: RHB Tracy Parker 0-0: Called Strike
0-1: Ground out 5-3 (Groundball, 5L)
Batting: LHB Juan Rodríguez 0-0: Foul Ball, location: 2F
0-1: Fly out, F7 (Line Drive, 78S)
Batting: RHB Bob Campbell 0-0: Called Strike
0-1: Ball
1-1: Ball
2-1: Ball
3-1: Foul Ball, location: 2F
3-2: Foul Ball, location: 2F
3-2: Strikes out looking
Top of the 1st over - 0 run(s), 1 hit(s), 0 error(s), 1 left on base; Houston 0 - Athletic Club KC 0
BOTTOM OF THE 1ST
Athletic Club KC batting - Pitching for Houston 1837 BBC : RHP Jimmy Whittier
Pitching: RHP Jimmy Whittier
Batting: RHB Jorge Trevino 0-0: Ball
1-0: Ball
2-0: Ball
3-0: Base on Balls
Batting: SHB David Henderson 0-0: Ball
1-0: Called Strike
1-1: Swinging Strike
1-2: Ground out U3 (Groundball, 3S)
Jorge Trevino to second
Batting: RHB Ramón Souza 0-0: Called Strike
0-1: Fly out, F8 (Flyball, 8RM)
Batting: RHB John Downing 0-0: Ball
1-0: Foul Ball, location: 2F
1-1: Foul Ball, location: 2F
1-2: Ball
2-2: Ball
3-2: Ground out 1-3 (Groundball, 15)
Bottom of the 1st over - 0 run(s), 0 hit(s), 0 error(s), 1 left on base; Houston 0 - Athletic Club KC 0
TOP OF THE 2ND
Houston 1837 BBC batting - Pitching for Athletic Club KC : RHP Juan Torres
Batting: LHB Mark McClear 0-0: Called Strike
0-1: Foul Ball, location: 2F
0-2: Ball
1-2: Strikes out swinging
Batting: LHB Alberto Torres 0-0: Ball
1-0: Ball
2-0: Foul Ball, location: 2F
2-1: Foul Ball, location: 2F
2-2: Ball
3-2: Strikes out looking
Batting: LHB Brad Lawrence 0-0: Ball
1-0: Ball
2-0: Ball
3-0: Called Strike
3-1: Called Strike
3-2: Strikes out swinging
Top of the 2nd over - 0 run(s), 0 hit(s), 0 error(s), 0 left on base; Houston 0 - Athletic Club KC 0
BOTTOM OF THE 2ND
Athletic Club KC batting - Pitching for Houston 1837 BBC : RHP Jimmy Whittier
Batting: RHB Todd Blake 0-0: Swinging Strike
0-1: Ball
1-1: Swinging Strike
1-2: Foul Ball, location: 2F
1-2: Ball
2-2: Strikes out swinging
Batting: RHB Yoshifumi Sato 0-0: Called Strike
0-1: Ground out 6-3 (Groundball, 6)
Batting: SHB Pedro Vázquez 0-0: Called Strike
0-1: Swinging Strike
0-2: Ball
1-2: SINGLE (Groundball, 34)
Batting: RHB Ed Hopkins 0-0: Ball
1-0: Ball
2-0: Ground out 4-3 (Groundball, 4)
Bottom of the 2nd over - 0 run(s), 1 hit(s), 0 error(s), 1 left on base; Houston 0 - Athletic Club KC 0
TOP OF THE 3RD
Houston 1837 BBC batting - Pitching for Athletic Club KC : RHP Juan Torres
Batting: SHB Jason Alexander 0-0: Ball
1-0: Ball
2-0: Called Strike
2-1: Foul Ball, location: 2F
2-2: Ground out 4-3 (Groundball, 4M)
Batting: LHB Eugene Lawrence 0-0: Ball
1-0: Ball
2-0: Fly out, F5 (Popup, 5L)
Batting: LHB Jack Robbins 0-0: Foul Ball, location: 2F
0-1: Ground out 4-3 (Groundball, 4)
Top of the 3rd over - 0 run(s), 0 hit(s), 0 error(s), 0 left on base; Houston 0 - Athletic Club KC 0
BOTTOM OF THE 3RD
Athletic Club KC batting - Pitching for Houston 1837 BBC : RHP Jimmy Whittier
Batting: RHB Jason Dunn 0-0: Ball
1-0: Called Strike
1-1: SINGLE (Groundball, 56D)
Batting: RHB Jorge Trevino 0-0: Ball
1-0: Swinging Strike
1-1: Ball
2-1: Grounds into double play, 6-4-3 (Groundball, 6)
Batting: SHB David Henderson 0-0: Foul Ball, location: 2F
0-1: Called Strike
0-2: SINGLE (Groundball, 34)
Batting: RHB Ramón Souza 0-0: Ball
1-0: Ball
2-0: Ball
3-0: Base on Balls
David Henderson to second
Batting: RHB John Downing 0-0: Swinging Strike
0-1: Fly out, F8 (Line Drive, 8LD)
Bottom of the 3rd over - 0 run(s), 2 hit(s), 0 error(s), 2 left on base; Houston 0 - Athletic Club KC 0
TOP OF THE 4TH
Houston 1837 BBC batting - Pitching for Athletic Club KC : RHP Juan Torres
Batting: RHB Tracy Parker 0-0: Foul Ball, location: 2F
0-1: Swinging Strike
0-2: Strikes out looking
Batting: LHB Juan Rodríguez 0-0: Ball
1-0: Called Strike
1-1: Ground out U3 (Groundball, 3)
Batting: RHB Bob Campbell 0-0: Foul Ball, location: 2F
0-1: Ground out 5-3 (Groundball, 5S)
Top of the 4th over - 0 run(s), 0 hit(s), 0 error(s), 0 left on base; Houston 0 - Athletic Club KC 0
BOTTOM OF THE 4TH
Athletic Club KC batting - Pitching for Houston 1837 BBC : RHP Jimmy Whittier
Batting: RHB Todd Blake 0-0: Ball
1-0: Called Strike
1-1: Swinging Strike
1-2: Ball
2-2: Ball
3-2: Base on Balls
Batting: RHB Yoshifumi Sato 0-0: Ball
1-0: Ball
2-0: Ball
3-0: Called Strike
3-1: 2-RUN HOME RUN (Flyball, 7D), Distance : 380 ft
Batting: SHB Pedro Vázquez 0-0: Ball
1-0: Ball
2-0: Ball
3-0: Base on Balls
Batting: RHB Ed Hopkins 0-0: Called Strike
0-1: Ball
1-1: Ball
2-1: Ball
3-1: Base on Balls
Pedro Vázquez to second
Batting: RHB Jason Dunn 0-0: SINGLE (Line Drive, 7S)
Pedro Vázquez to third
Ed Hopkins to second
Runner from 3rd tries for Home, throw and OUT!
Batting: RHB Jorge Trevino 0-0: Ball
1-0: Foul Ball, location: 2F
1-1: Ball
2-1: SINGLE (Line Drive, 78S)
Ed Hopkins to third
Jason Dunn to second
Batting: SHB David Henderson 0-0: Foul Ball, location: 2F
0-1: Hit by Pitch
Ed Hopkins scores
Jason Dunn to third
Jorge Trevino to second
Batting: RHB Ramón Souza 0-0: Foul Ball, location: 2F
0-1: Ball
1-1: Swinging Strike
1-2: SINGLE (Line Drive, 56D)
Jason Dunn scores
Jorge Trevino to third
David Henderson to second
Batting: RHB John Downing 0-0: Foul Ball, location: 2F
0-1: Foul Ball, location: 2F
0-2: Ball
1-2: SINGLE (Line Drive, 6D)
Jorge Trevino scores
David Henderson to third
Ramón Souza to second
Runner from 3rd tries for Home, SAFE, no throw or cutoff
Batting: RHB Todd Blake 0-0: Grounds into double play, 6-4-3 (Groundball, 6)
Bottom of the 4th over - 6 run(s), 5 hit(s), 0 error(s), 1 left on base; Houston 0 - Athletic Club KC 6
TOP OF THE 5TH
Houston 1837 BBC batting - Pitching for Athletic Club KC : RHP Juan Torres
Batting: LHB Mark McClear 0-0: Ball
1-0: Ball
2-0: SINGLE (Line Drive, 3L)
Batting: LHB Alberto Torres 0-0: Ball
1-0: Swinging Strike
1-1: Fly out, F8 (Flyball, 8RXD)
Batting: LHB Brad Lawrence 0-0: Ball
1-0: Foul Ball, location: 2F
1-1: Swinging Strike
1-2: Grounds into double play, U3-6 (Groundball, 3L)
Top of the 5th over - 0 run(s), 1 hit(s), 0 error(s), 0 left on base; Houston 0 - Athletic Club KC 6
BOTTOM OF THE 5TH
Athletic Club KC batting - Pitching for Houston 1837 BBC : RHP Jimmy Whittier
Batting: RHB Yoshifumi Sato 0-0: Ball
1-0: Called Strike
1-1: Foul Ball, location: 2F
1-2: Foul Ball, location: 2F
1-2: Strikes out swinging
Batting: SHB Pedro Vázquez 0-0: Ball
1-0: DOUBLE (Line Drive, 7LS)
Batting: RHB Ed Hopkins 0-0: Called Strike
0-1: Foul Ball, location: 2F
0-2: Ball
1-2: Strikes out looking
Batting: RHB Jason Dunn 0-0: Ball
1-0: Foul Ball, location: 2F
1-1: Ground out 5-3 (Groundball, 56S)
Bottom of the 5th over - 0 run(s), 1 hit(s), 0 error(s), 1 left on base; Houston 0 - Athletic Club KC 6
TOP OF THE 6TH
Houston 1837 BBC batting - Pitching for Athletic Club KC : RHP Juan Torres
Batting: SHB Jason Alexander 0-0: Foul Ball, location: 2F
0-1: Ball
1-1: Fly out, F3 (Popup, 15)
Batting: LHB Eugene Lawrence 0-0: Called Strike
0-1: Foul Ball, location: 2F
0-2: Strikes out swinging
Batting: LHB Jack Robbins 0-0: Ball
1-0: Foul Ball, location: 2F
1-1: Called Strike
1-2: Foul Ball, location: 2F
1-2: Ball
2-2: Foul Ball, location: 2F
2-2: Foul Ball, location: 2F
2-2: Fly out, F6 (Popup, 6MD)
Top of the 6th over - 0 run(s), 0 hit(s), 0 error(s), 0 left on base; Houston 0 - Athletic Club KC 6
BOTTOM OF THE 6TH
Athletic Club KC batting - Pitching for Houston 1837 BBC : RHP Jimmy Whittier
Pitching: LHP Jeff Burrell
Batting: RHB Jorge Trevino 0-0: SINGLE (Line Drive, 6MD)
Batting: SHB David Henderson 0-0: Called Strike
0-1: Ball
1-1: Fly out, F7 (Flyball, 7LM)
Batting: RHB Ramón Souza 0-0: Swinging Strike
0-1: Foul Ball, location: 2F
0-2: Ball
1-2: Ball
2-2: Ball
3-2: Foul Ball, location: 2F
3-2: Strikes out swinging
Jorge Trevino is caught stealing 2nd base
Batter strikes out.
Bottom of the 6th over - 0 run(s), 1 hit(s), 0 error(s), 0 left on base; Houston 0 - Athletic Club KC 6
TOP OF THE 7TH
Houston 1837 BBC batting - Pitching for Athletic Club KC : RHP Juan Torres
Batting: RHB Tracy Parker 0-0: Ground out 4-3 (Groundball, 4)
Batting: LHB Juan Rodríguez 0-0: Ball
1-0: Swinging Strike
1-1: Foul Ball, location: 2F
1-2: Strikes out looking
Batting: RHB Bob Campbell 0-0: Ball
1-0: Fly out, F4 (Popup, 4)
Top of the 7th over - 0 run(s), 0 hit(s), 0 error(s), 0 left on base; Houston 0 - Athletic Club KC 6
BOTTOM OF THE 7TH
Athletic Club KC batting - Pitching for Houston 1837 BBC : LHP Jeff Burrell
Batting: RHB John Downing 0-0: Called Strike
0-1: Ball
1-1: SINGLE (Flyball, 78S)
Batting: RHB Todd Blake 0-0: Called Strike
0-1: Grounds into double play, 5-4-3 (Groundball, 56)
Batting: RHB Yoshifumi Sato 0-0: Foul Ball, location: 2F
0-1: Ball
1-1: Ground out 1-3 (Groundball, 13S)
Bottom of the 7th over - 0 run(s), 1 hit(s), 0 error(s), 0 left on base; Houston 0 - Athletic Club KC 6
TOP OF THE 8TH
Houston 1837 BBC batting - Pitching for Athletic Club KC : RHP Juan Torres
Batting: LHB Mark McClear 0-0: Called Strike
0-1: Fly out, F8 (Flyball, 8RM)
Batting: LHB Alberto Torres 0-0: Called Strike
0-1: Foul Ball, location: 2F
0-2: Strikes out looking
Batting: LHB Brad Lawrence 0-0: Ball
1-0: Called Strike
1-1: Fly out, F6 (Popup, 6D)
Top of the 8th over - 0 run(s), 0 hit(s), 0 error(s), 0 left on base; Houston 0 - Athletic Club KC 6
BOTTOM OF THE 8TH
Athletic Club KC batting - Pitching for Houston 1837 BBC : LHP Jeff Burrell
Batting: SHB Pedro Vázquez 0-0: Called Strike
0-1: Ball
1-1: Foul Ball, location: 2F
1-2: Hit by Pitch
Batting: RHB Ed Hopkins 0-0: Called Strike
0-1: Foul Ball, location: 2F
0-2: Ball
1-2: Ball
Pedro Vázquez is caught stealing 2nd base
2-2: Ball
3-2: Foul Ball, location: 2F
3-2: SINGLE (Line Drive, 6D)
Batting: RHB Jason Dunn 0-0: Called Strike
0-1: Called Strike
0-2: Ball
1-2: Grounds into double play, 5-4-3 (Groundball, 56)
Bottom of the 8th over - 0 run(s), 1 hit(s), 0 error(s), 0 left on base; Houston 0 - Athletic Club KC 6
TOP OF THE 9TH
Houston 1837 BBC batting - Pitching for Athletic Club KC : RHP Juan Torres
Batting: SHB Jason Alexander 0-0: Foul Ball, location: 2F
0-1: Ball
1-1: Ground out 4-3 (Groundball, 4)
Batting: LHB Eugene Lawrence 0-0: Swinging Strike
0-1: Ball
1-1: SINGLE (Line Drive, 34)
Batting: LHB Jack Robbins 0-0: Foul Ball, location: 2F
0-1: Ball
1-1: Grounds into double play, 4-6-3 (Groundball, 4)
Top of the 9th over - 0 run(s), 1 hit(s), 0 error(s), 0 left on base; Houston 0 - Athletic Club KC 6
This league is powered by Out of the Park Baseball, the baseball management simulation game for PC, Mac and Linux
Friday, July 8th, 2016 - OOTP Baseball 16.9 Build 39